 Dungeon Crawl Stone Soup version 0.29-a0-352-g0917bc69df (webtiles) character file.

Game seed: 15728351669636473539

0 Antichthon the Grasshopper (level 1, -1/19 HPs)
             Began as a Naga Warper on Apr 23, 2022.
             Slain by a jackal (2 damage)
             ... on level 1 of the Dungeon.
             The game lasted 00:00:03 (69 turns).

Antichthon the Grasshopper (Naga Warper)              Turns: 69, Time: 00:00:03

Health: -1/19      AC:  1    Str: 13    XL:     1   Next: 10%
Magic:  3/3        EV:  9    Int: 13    God:
Gold:   0          SH:  0    Dex: 10    Spells: 4/4 levels left

rFire   . . .      SeeInvis +   a - +0 hand axe
rCold   . . .      Faith    .   (no shield)
rNeg    . . .      Spirit   .   b - +0 leather armour
rPois   +          Reflect  .   (no helmet)
rElec   .          Harm     .   (no cloak)
rCorr   .          Rampage  .   (no gloves)
Will    .....                   (no barding)
Stlth   +.........              (no amulet)
HPRegen 0.06/turn               (no ring)
MPRegen 0.08/turn               (no ring)

@: very slow
A: AC +0, large, see invisible, deformed body, poison resistance, slowness 2,
spit poison 1, naga tail 1
a: Spit Poison


You were on level 1 of the Dungeon.
You visited 1 branch of the dungeon, and saw 1 of its levels.

Inventory:

Hand Weapons
 a - a +0 hand axe (weapon)
Missiles
 d - 7 boomerangs of dispersal (quivered)
Armour
 b - a +0 leather armour (worn)
Scrolls
 c - a scroll of blinking


   Skills:
 - Level 2.0 Fighting
 + Level 2.0 Axes
 - Level 0.8 Throwing
 - Level 0.7 Armour
 - Level 1.5 Dodging
 - Level 2.0 Spellcasting
 - Level 3.0 Translocations


You had 4 spell levels left.
You didn't know any spells.
Your spell library contained the following spells:

 Spells                   Type           Power      Damage    Failure   Level
 Blink                    Tloc           18%        N/A       14%         2
 Gell's Gravitas          Tloc           9%         N/A       28%         3
 Lesser Beckoning         Tloc           9%         N/A       28%         3
 Teleport Other           Tloc           9%         N/A       28%         3
 Manifold Assault         Tloc           9%         N/A       95%         5


Dungeon Overview and Level Annotations

Branches:
Dungeon (1/15)

Altars:


Innate Abilities, Weirdness & Mutations

Your serpentine skin is tough. (AC +0)
You have supernaturally acute eyesight. (SInv)
Armour fits poorly on your strangely shaped body.
Your system is resistant to poisons. (rPois)
You cover ground very slowly.
You can spit poison.
You have a snake-like lower body.


Message History

There is an open door here.
You open the door.
There is an open door here.
You open the door.
There is an open door here.
As you open the door, it creaks loudly!
A rat comes into view.
You hear a shout!
A rat is nearby!
A hobgoblin comes into view.
The rat bites you.
There is an open door here.
You hit the rat.
You kill the rat!
You see here a rat corpse.
A jackal comes into view.
The hobgoblin hits you.
A rat comes into view.
The hobgoblin hits you.
You barely miss the hobgoblin. The hobgoblin barely misses you.
You barely miss the hobgoblin.
The jackal barks!
A jackal comes into view.
The hobgoblin barely misses you.
The jackal barks!
You hit the hobgoblin but do no damage.
You hear a bark!
The hobgoblin hits you.
* * * LOW HITPOINT WARNING * * *
You barely miss the hobgoblin.
A jackal comes into view.
The hobgoblin barely misses you.
You barely miss the hobgoblin. You closely miss the jackal.
The jackal barks!
The hobgoblin closely misses you. The jackal bites you.
* * * LOW HITPOINT WARNING * * *
The hobgoblin barely misses you.
You completely miss the hobgoblin. You closely miss the jackal.
You closely miss the rat. The jackal bites you.
You die...

#..# #..##...##.
#.##♣#..........
#..#♣#..........
##.#♣#.......... .
#.#♣#..........
..#+######.#♣#..........
..h.....##.#♣#..##...##.
.....hr..#.# #..##...##.
......g@†'.#♣#..........
.#.#..h.####♣#..........
.....#### ♣#..........
.#.# #.......... ...
♣#.......... ..
♣#.......... #
#..##...##. #..##...##.
#..........


You could see 3 jackals, a hobgoblin and a rat.

Vanquished Creatures
  A rat (D:1)
1 creature vanquished.

Notes
Turn   | Place    | Note
-------+----------+-------------------------------------------
     0 | D:1      | Antichthon the Naga Warper began the quest for the Orb.
     0 | D:1      | Reached XP level 1. HP: 19/19 MP: 3/3
    69 | D:1      | Slain by a jackal

Illustrated notes

Levels and vault maps discovered:
D:1:      beargit_arrival_diablo_church, layout_basic, serial_glass,
          glass_columns_a, glass_columns_a, glass_columns_a, glass_columns_a,
          serial_bayou_pond_b

Action                   || total
-------------------------++-------
Melee: Hand axe          ||     7
Dodge: Dodged            ||     5

Table legend: (Time is in decaauts)
 A = Elapsed time spent in this place.
 B = Non-inter-level travel time spent in this place.
 C = Inter-level travel time spent in this place.
 D = Time resting spent in this place.
 E = Time spent auto-exploring this place.
 F = Levels seen in this place.
 G = Mean time per level.
                   A        B        C        D        E       F      G
               +--------+--------+--------+--------+--------+-----+--------+
         Total |     93 |     93 |      0 |      0 |     81 |   1 |   93.0 |
       Dungeon |     93 |     93 |      0 |      0 |     81 |   1 |   93.0 |
               +--------+--------+--------+--------+--------+-----+--------+

Top non-repeatable levels by time:
     D:1: 93 daAuts
